 Dungeon Crawl Stone Soup version 0.28.0-45-g0d030f2227 (webtiles) character file.

Game seed: 16102527296145624161

5440 Revguard the Skirmisher (level 10, -12/88 HPs)
             Began as a Troll Fighter on Mar 30, 2022.
             Was a Priest of Okawaru.
             Mangled by a two-headed ogre
             ... wielding a +0 giant club
              (13 damage)
             ... on level 9 of the Dungeon.
             The game lasted 00:24:04 (6885 turns).

Revguard the Skirmisher (Troll Fighter)             Turns: 6885, Time: 00:24:05

Health: -12/88     AC:  9    Str: 26    XL:     10   Next: 41%
Magic:  11/11      EV: 10    Int:  8    God:    Okawaru [***...]
Gold:   337        SH: 10    Dex: 13    Spells: 9/9 levels left

rFire   . . .      SeeInvis +   s - +1 broad axe (drain)
rCold   + . .      Faith    .   c - +1 kite shield
rNeg    . . .      Spirit   .   t - +0 steam dragon scales
rPois   +          Reflect  .   (helmet restricted)
rElec   +          Harm     .   a - +0 cloak
rCorr   .          Rampage  .   (gloves unavailable)
Will    .....                   (boots unavailable)
Stlth   +.........              (no amulet)
HPRegen 1.04/turn               h - ring "Liaqiu" {*Corrode rElec Int+6 Slay+5 SInv}
MPRegen 0.12/turn               (no ring)

@: no status effects
A: large, unfitting armour, claws 3, regeneration 1, shaggy fur 1, tough skin 1,
cold resistance 1, dopey 1, frail 1, poison resistance, screaming 1, evolution 2
a: Renounce Religion, Heroism


You were on level 9 of the Dungeon.
You worshipped Okawaru.
Okawaru was most pleased with you.
You visited 2 branches of the dungeon, and saw 10 of its levels.

You collected 449 gold pieces.
You spent 112 gold pieces at shops.

Inventory:

Hand Weapons
 n - a +1 flail of holy wrath
 s - a +1 broad axe of draining (weapon)
Missiles
 k - 23 poisoned darts (quivered)
Armour
 a - a +0 cloak (worn)
 c - a +1 kite shield (worn)
 t - +0 steam dragon scales (worn)
Jewellery
 h - the ring "Liaqiu" (left claw) {*Corrode rElec Int+6 Slay+5 SInv}
   (You found it on level 5 of the Dungeon)

   [ring of intelligence]

   Int:       It affects your intelligence (+6).
   Slay:      It affects your accuracy & damage with ranged weapons and melee
   (+5).
   rElec:     It insulates you from electricity.
   SInv:      It lets you see invisible.
   *Corrode:  It may corrode you when you take damage.
 o - a ring of fire
 r - a ring of fire
 w - a ring of wizardry
 A - a ring of positive energy
Wands
 d - a wand of iceblast (12)
 g - a wand of digging (5)
 q - a wand of polymorph (17)
 x - a wand of mindburst (14)
Scrolls
 b - 2 scrolls of fog
 j - 2 scrolls of noise
 m - a scroll of teleportation
 u - 2 scrolls of enchant armour
 v - a scroll of fear
 y - a scroll of silence
 z - a scroll of enchant weapon
Potions
 f - 9 potions of curing
 i - 4 potions of heal wounds
 l - 3 potions of attraction
 p - 2 potions of haste


   Skills:
 + Level 5.8 Fighting
 + Level 5.4 Axes
 + Level 5.3 Throwing
 + Level 4.9 Armour
 + Level 5.7 Dodging
 + Level 5.7 Shields
 + Level 3.1 Invocations


You had 9 spell levels left.
You didn't know any spells.
Your spell library contained the following spells:

 Spells                   Type           Power      Damage    Failure   Level
 Apportation              Tloc           0%         N/A       67%         1
 Beastly Appendage        Tmut           0%         N/A       67%         1
 Sting                    Tmut/Pois      0%         1d3       67%         1
 Poisonous Vapours        Pois/Air       0%         N/A       80%         2
 Wereblood                Tmut           0%         N/A       80%         2
 Dazzling Flash           Conj/Hex       0%         N/A       95%         3
 Portal Projectile        Hex/Tloc       0%         N/A       95%         3
 Spider Form              Tmut/Pois      0%         N/A       95%         3
 Anguish                  Hex/Necr       0%         N/A       100%        4
 Cause Fear               Hex            0%         N/A       100%        4
 Hailstorm                Conj/Ice       0%         3d3       100%        4
 Ice Form                 Ice/Tmut       0%         N/A       100%        4
 Olgreb's Toxic Radiance  Pois           0%         N/A       100%        4
 Alistair's Intoxication  Tmut/Pois      0%         N/A       100%        5
 Blade Hands              Tmut           0%         N/A       100%        5
 Excruciating Wounds      Necr           0%         N/A       100%        5
 Metabolic Englaciation   Hex/Ice        0%         N/A       100%        5
 Simulacrum               Ice/Necr       Unusable   N/A       N/A         6

Dungeon Overview and Level Annotations

Branches:
Dungeon (9/15)             Temple (1/1) D:6
   Lair: D:8-11         Orc: D:9-12

Altars:
Ashenzari
Cheibriados
Dithmenos
Elyvilon
Fedhas
Gozag
Hepliaklqana
Kikubaaqudgha
Makhleb
Nemelex Xobeh
Okawaru
Qazlal
Ru
Trog
Uskayaw
Vehumet
Wu Jian
Xom
Yredelemnul
Zin

Shops:
D:5 [   D:8 *   D:9 =


Innate Abilities, Weirdness & Mutations

You are too large for most types of armour.
You have claws for hands.
Your natural rate of healing is unusually fast.
You are covered in fur. (AC +1)
You have tough skin. (AC +1)
Your flesh is cold resistant. (rC+)
You are dopey. (Int -2)
You are frail. (-10% HP)
Your system is resistant to poisons. (rPois)
You occasionally shout uncontrollably at your foes.
You have great hidden genetic potential.


Message History

The poisoned dart hits the two-headed ogre.
You gain the combat prowess of a mighty hero.
The two-headed ogre hits you with a +0 giant club!!
The two-headed ogre misses you.
You slash the two-headed ogre! You drain the two-headed ogre.
The two-headed ogre is moderately wounded.
You block the two-headed ogre's attack. x2
You slash the two-headed ogre!
The two-headed ogre is heavily wounded.
The two-headed ogre closely misses you. x2
You slash the two-headed ogre! You drain the two-headed ogre.
The two-headed ogre is severely wounded.
You block the two-headed ogre's attack. The two-headed ogre misses you.
You barely miss the two-headed ogre.
The two-headed ogre is severely wounded.
The two-headed ogre hits you with a +0 giant club!!
* * * LOW HITPOINT WARNING * * *
The two-headed ogre hits you with a +0 giant club.
* * * LOW HITPOINT WARNING * * *
Throw: 23 darts (poison)
Press: ? - help, Q - select action, (/) - cycle Shift-Dir - straight line, f/p - two-headed ogre
Aim: a two-headed ogre, wielding two +0 giant clubs (severely wounded, poisoned, lightly drained, 82% to hit)
Okay, then.
A yak comes into view.
The two-headed ogre looks more healthy.
The two-headed ogre hits you with a +0 giant club.
* * * LOW HITPOINT WARNING * * *
You block the two-headed ogre's attack.
You feel like a meek peon again.
You slash the two-headed ogre!
The two-headed ogre is almost dead.
The two-headed ogre closely misses you.
The two-headed ogre hits you with a +0 giant club!!
* * * LOW HITPOINT WARNING * * *
You hit the two-headed ogre.
The two-headed ogre is almost dead.
The two-headed ogre hits you with a +0 giant club.
* * * LOW HITPOINT WARNING * * *
The two-headed ogre hits you with a +0 giant club!
You die...

#..........#
##..##.######.. # #..#
#............ # ##.#
#............ ..
#.#####..........# ..>#
#.#.............###
#...#...# ##.##........
.###.....# #..##.....##
.......))###..@.......#
#......#.......O.∩.##.
.$###..#.))#.......## #
##(.(.(.........#
#....#.)........#
#.#.............#
#.##..................
.. ##..............#..
. #......}........#


You could see a two-headed ogre (drained).

Vanquished Creatures
  Erica (D:8)
  Maurice (D:8)
  Maggie (D:6)
  A gargoyle (D:5)
  Sigmund (D:4)
  5 yaks (D:8)
  Grum (D:8)
  Edmund (D:5)
  An acid dragon (D:8)
  2 water moccasins
  2 orc warriors
  2 black bears
  A necrophage (D:6)
  4 wolves (D:8)
  An ice beast (D:8)
  2 centaurs
  A phantom (D:6)
  A bullfrog (D:7)
  2 scorpions
  7 howler monkeys
  2 centaur zombies
  2 hounds
  Crazy Yiuf (D:6)
  5 orc priests
  A gnoll shaman (D:8)
  A centaur skeleton (D:5)
  6 iguanas (D:5)
  9 orc wizards
  A hound skeleton (D:4)
  A howler monkey skeleton (D:7)
  8 gnolls
  4 adders
  An ufetubus (D:6)
  3 worms
  A dart slug (D:4)
  30 orcs
  10 ball pythons
  5 bats
  7 endoplasms
  2 giant cockroaches
  4 goblins
  2 hobgoblins
  3 jackals (D:3)
  9 kobolds
  7 quokkas
  2 frilled lizards (D:3)
  5 rats
170 creatures vanquished.

Vanquished Creatures (others)
  A wizard (D:7)
  A human (D:7)
2 creatures vanquished.

Grand Total: 172 creatures vanquished

Notes
Turn   | Place    | Note
-------+----------+-------------------------------------------
     0 | D:1      | Revguard the Troll Fighter began the quest for the Orb.
     0 | D:1      | Reached XP level 1. HP: 22/22 MP: 0/0
   110 | D:1      | Reached XP level 2. HP: 21/29 MP: 1/1
   511 | D:2      | Reached XP level 3. HP: 36/36 MP: 2/2
   826 | D:2      | Found a shimmering altar of Xom.
  1769 | D:3      | Reached skill level 1 in Armour
  1798 | D:3      | Reached XP level 4. HP: 44/44 MP: 3/3
  1899 | D:3      | Found a hazy altar of Hepliaklqana.
  2186 | D:4      | Found a white marble altar of Elyvilon.
  2241 | D:4      | Reached skill level 1 in Throwing
  2360 | D:4      | Reached XP level 5. HP: 17/53 MP: 4/4
  2757 | D:4      | Noticed Sigmund
  2768 | D:4      | Killed Sigmund
  2769 | D:4      | Reached XP level 6. HP: 50/61 MP: 5/5
  3270 | D:5      | Entered Level 5 of the Dungeon
  3291 | D:5      | Noticed Edmund
  3302 | D:5      | Killed Edmund
  3353 | D:5      | Noticed a water moccasin
  3368 | D:5      | Killed a water moccasin
  3369 | D:5      | Reached XP level 7. HP: 15/67 MP: 6/6
  3531 | D:5      | Found Sopp's Antique Armour Shoppe.
  3534 | D:5      | Found a sparkling altar of Nemelex Xobeh.
  3591 | D:5      | HP: 3/68 [iguana (12)]
  3701 | D:5      | Identified the ring "Liaqiu" {*Corrode rElec Int+6 Slay+5
                  | SInv}
  4030 | D:6      | Reached XP level 8. HP: 74/78 MP: 7/7
  4054 | D:6      | Noticed a gargoyle
  4169 | D:5      | Killed a gargoyle
  4327 | D:6      | Found a staircase to the Ecumenical Temple.
  4347 | Temple   | Entered the Ecumenical Temple
  4514 | Temple   | Became a worshipper of Warmaster Okawaru
  4779 | D:6      | Noticed Maggie
  4794 | D:6      | Killed Maggie
  4795 | D:6      | Reached XP level 9. HP: 74/85 MP: 8/8
  5117 | D:6      | Found a runed translucent door.
  5118 | D:6      | Noticed Crazy Yiuf
  5268 | D:6      | Killed Crazy Yiuf
  5411 | D:7      | Got the Compendium of the Ensnaring Frostbite
  5421 | D:7      | Found a bloodstained altar of Trog.
  5434 | D:7      | Noticed a wizard
  5440 | D:7      | Killed a wizard
  5505 | D:7      | Reached * piety under Okawaru
  5506 | D:7      | Reached skill level 5 in Fighting
  5506 | D:7      | Reached skill level 5 in Dodging
  5653 | D:7      | Found an ancient bone altar of Kikubaaqudgha.
  5841 | D:8      | Found Timios's Changing Room.
  5880 | D:8      | Bought a potion of mutation for 112 gold pieces
  5891 | D:8      | Gained mutation: You are frail. (-10% HP) [mutagenic glow]
  5903 | D:8      | Gained mutation: Your spells are a little harder to cast,
                  | but a little more powerful. [mutagenic glow]
  5919 | D:8      | Gained mutation: You are agile. (Dex +2) [mutagenic glow]
  5929 | D:8      | Gained mutation: You are dopey. (Int -2) [mutagenic glow]
  5936 | D:8      | Gained mutation: You are weak. (Str -2) [mutagenic glow]
  5955 | D:8      | Gained mutation: You tend to lose your temper in combat.
                  | [mutagenic glow]
  5962 | D:8      | Lost mutation: You are agile. (Dex +2) [mutagenic glow]
  5979 | D:8      | Lost mutation: You tend to lose your temper in combat.
                  | [mutagenic glow]
  5988 | D:8      | Gained mutation: You occasionally shout uncontrollably at
                  | your foes. [mutagenic glow]
  5999 | D:8      | Lost mutation: Your spells are a little harder to cast, but
                  | a little more powerful. [mutagenic glow]
  6007 | D:8      | Gained mutation: You sometimes lose the ability to read
                  | scrolls when taking damage. [mutagenic glow]
  6016 | D:8      | Reached skill level 5 in Shields
  6016 | D:8      | Reached skill level 1 in Invocations
  6019 | D:8      | Noticed Grum
  6020 | D:8      | Gained mutation: You have hidden genetic potential.
                  | [mutagenic glow]
  6036 | D:8      | Killed Grum
  6179 | D:8      | Found a hide-covered altar of Uskayaw.
  6205 | D:8      | Found a burning altar of Makhleb.
  6231 | D:8      | Noticed Maurice
  6244 | D:8      | Killed Maurice
  6245 | D:8      | Reached skill level 5 in Axes
  6322 | D:8      | Noticed Erica
  6341 | D:8      | Killed Erica
  6341 | D:8      | Reached ** piety under Okawaru
  6342 | D:8      | Reached skill level 5 in Throwing
  6342 | D:8      | Reached XP level 10. HP: 50/86 MP: 8/10
  6414 | D:8      | Gained mutation: Your flesh is cold resistant. (rC+)
                  | [hidden potential]
  6417 | D:8      | Reached *** piety under Okawaru
  6785 | D:8      | Lost mutation: You are weak. (Str -2) [potion of mutation]
  6785 | D:8      | Lost mutation: You sometimes lose the ability to read
                  | scrolls when taking damage. [potion of mutation]
  6785 | D:8      | Gained mutation: You have great hidden genetic potential.
                  | [potion of mutation]
  6785 | D:8      | Gained mutation: Your system is resistant to poisons.
                  | (rPois) [potion of mutation]
  6858 | D:9      | Found Wamyvog's Jewellery Emporium.
  6861 | D:9      | Noticed a two-headed ogre
  6885 | D:9      | HP: 1/88 [two-headed ogre/+0 giant club (5)]
  6885 | D:9      | Mangled by a two-headed ogre

Illustrated notes

Levels and vault maps discovered:
D:1:      ncdulo_watergridlock, layout_rooms
D:2:      layout_loops_ring, basic_altar, eino_tiny_chamber,
          hangedman_decor_growths, kennysheep_cross_room, hex_large
D:3:      layout_basic, mainiacjoe_overflow_small_starburst,
          grunt_decor_one_mirror
D:4:      layout_layer_cave, elyvilon_altar_3, grunt_ministairs_10,
          chequers_serial_rivers_small_3, kennysheep_generic_room_3,
          uniq_sigmund
D:5:      layout_cave_pools, nemelex_xobeh_ov_fountains_minmay, serial_shops,
          nicolae_shop_trees, feat_on_display, uniq_edmund
D:6:      layout_rooms, minmay_temple_entry_large_hall, serial_curves,
          eino_curves_02, eino_curves_02, minmay_crystal_room,
          uniq_crazy_yiuf_cottage, uniq_maggie
D:7:      layout_rooms, trog_wizard, tgw_kikubaaqudgha, serial_glass,
          glass_columns_c, glass_columns_c
D:8:      layout_basic, lemuel_crystal_altar, mainiacjoe_overflow_paths,
          nicolae_transmutations_shop, nicolae_figureground_pulse, uniq_grum,
          uniq_maurice, uniq_erica
D:9:      layout_rooms, orc_0_dummy, serial_shops, shop_statue,
          nicolae_diamond_shop, shop
Temple:   minmay_temple_forest_path

Skill      XL: |  1  2  3  4  5  6  7  8  9 10 |
---------------+-------------------------------+-----
Axes           | 2 3 4 5 |  5.4
Armour         | 1 2 3 4 |  4.9
Throwing       | 1 2 4 5 |  5.3
Dodging        | 3 4 5 |  5.7
Fighting       | 3 4 5 |  5.8
Shields        | 3 4 5 |  5.7
Invocations    | 2 3 |  3.1

Action                   |  1- 3 |  4- 6 |  7- 9 | 10-12 || total
-------------------------+-------+-------+-------+-------++-------
Melee: War axe           |   127 |   110 |   128 |       ||   365
       Broad axe         |       |       |   103 |    55 ||   158
       Unarmed           |       |       |     2 |       ||     2
Throw: Dart              |       |     3 |    13 |     4 ||    20
Invok: Heroism           |       |       |     2 |     2 ||     4
Evoke: Wand              |       |       |     1 |       ||     1
  Use: Scroll            |     7 |     5 |     4 |       ||    16
       Potion            |     1 |     1 |     3 |     1 ||     6
 Stab: Sleeping          |     2 |       |       |       ||     2
Armor: Robe              |    73 |    49 |    35 |       ||   157
       Steam dragon scal |       |       |    51 |    19 ||    70
Dodge: Dodged            |    65 |    48 |   117 |    39 ||   269
Block: Kite shield       |    72 |    62 |   154 |    44 ||   332
